 Dungeon Crawl Stone Soup version 0.29.1 (webtiles) character file.

Game seed: 18027735705422180038

24709 Lremus the Severer (level 13, -33/116 HPs)
             Began as a Hill Orc Fighter on Sept 12, 2022.
             Was an Elder of Makhleb.
             Annihilated by a komodo dragon (63 damage)
             ... on level 4 of the Lair of Beasts.
             The game lasted 00:31:44 (17163 turns).

Lremus the Severer (Hill Orc Fighter)              Turns: 17163, Time: 00:31:45

Health: -33/116    AC: 20    Str: 24    XL:     13   Next: 14%
Magic:  22/22      EV:  2    Int:  8    God:    Makhleb [****..]
Gold:   883        SH:  0    Dex: 14    Spells: 12/12 levels left

rFire   + . .      SeeInvis .   a - +2 war axe (freeze)
rCold   . . .      Faith    .   c - +0 buckler
rNeg    + + +      Spirit   .   A - +0 plate armour
rPois   .          Reflect  +   T - +2 helmet
rElec   .          Harm     .   p - +0 cloak
rCorr   .          Rampage  .   N - +2 pair of gloves of the Guilds {*Corrode rN+++ Dex+4}
Will    .....                   w - +0 pair of boots
Stlth   ..........              s - amulet of reflection
HPRegen 0.29/turn               o - ring of positive energy
MPRegen 0.18/turn               X - ring of protection from fire

@: sleeping, corroded
A: no striking features
a: Renounce Religion, Minor Destruction, Lesser Servant of Makhleb, Major
Destruction


You were on level 4 of the Lair of Beasts.
You worshipped Makhleb.
Makhleb was greatly pleased with you.
You visited 3 branches of the dungeon, and saw 16 of its levels.

You collected 1073 gold pieces.
You spent 190 gold pieces at shops.

Inventory:

Hand Weapons
 a - a +2 war axe of freezing (weapon)
 b - a +0 sling
Missiles
 i - 102 stones
 r - 4 boomerangs (quivered)
 I - 18 poisoned darts
Armour
 c - a +0 buckler (worn)
 p - a +0 cloak (worn)
 w - a +0 pair of boots (worn)
 A - a +0 plate armour (worn)
 N - the +2 pair of gloves of the Guilds (worn) {*Corrode rN+++ Dex+4}
   (You bought it in a shop on level 7 of the Dungeon)

   Dex:       It affects your dexterity (+4).
   rN:        It renders you almost immune to negative energy.
   *Corrode:  It may corrode you when you take damage.
 T - a +2 helmet (worn)
Jewellery
 o - a ring of positive energy (left hand)
 s - an amulet of reflection (around neck)
 t - a ring of positive energy
 S - a +6 ring of intelligence
 W - an amulet of magic regeneration
 X - a ring of protection from fire (right hand)
Wands
 f - a wand of polymorph (3)
 q - a wand of digging (5)
 y - a wand of iceblast (3)
 L - a wand of mindburst (15)
 U - a wand of quicksilver (5)
Scrolls
 e - 3 scrolls of immolation
 j - a scroll of summoning
 m - 4 scrolls of teleportation
 u - 2 scrolls of fear
 x - 3 scrolls of blinking
 B - 2 scrolls of enchant armour
 C - a scroll of identify
 F - a scroll of fog
 G - 2 scrolls of amnesia
 H - a scroll of vulnerability
 J - 2 scrolls of poison
 O - a scroll of enchant weapon
 R - a scroll of magic mapping
 V - a scroll of brand weapon {unknown}
 Z - a scroll of torment {unknown}
Potions
 d - a potion of might
 g - 3 potions of curing
 h - 2 potions of heal wounds
 k - a potion of brilliance
 l - a potion of magic
 n - 4 potions of flight
 v - 2 potions of haste
 z - 4 potions of lignification
 D - 2 potions of cancellation
 E - 2 potions of attraction
 K - 2 potions of berserk rage
 M - a potion of ambrosia
 P - 2 potions of invisibility
 Q - 2 potions of resistance
 Y - 2 potions of mutation


   Skills:
 - Level 11.1 Fighting
 - Level 16.0 Axes
 - Level 10.2 Armour
 - Level 10.3 Shields
 + Level 12.2 Invocations
 - Level 3.2 Evocations


You had 12 spell levels left.
You didn't know any spells.
Your spell library contained the following spells:

 Spells                   Type           Power      Damage    Failure   Level
 Blink                    Tloc           0%         N/A       100%        2
 Anguish                  Hex/Necr       0%         N/A       100%        4
 Animate Armour           Summ/Erth      0%         N/A       100%        4
 Animate Dead             Necr           0%         N/A       100%        4
 Hailstorm                Conj/Ice       0%         3d3       100%        4
 Ice Form                 Ice/Tmut       0%         N/A       100%        4
 Blade Hands              Tmut           0%         N/A       100%        5
 Borgnjor's Vile Clutch   Necr/Erth      0%         N/A       100%        5
 Fireball                 Conj/Fire      0%         3d3       100%        5
 Manifold Assault         Tloc           0%         N/A       100%        5
 Death Channel            Necr           0%         N/A       100%        6
 Iron Shot                Conj/Erth      0%         9d1       100%        6
 Simulacrum               Ice/Necr       0%         N/A       100%        6
 Starburst                Conj/Fire      0%         6d3       100%        6
 Enfeeble                 Hex            0%         N/A       100%        7
 Storm Form               Tmut/Air       0%         N/A       100%        7
 Ignition                 Fire           0%         3d3       100%        8


Dungeon Overview and Level Annotations

Branches:
Dungeon (11/15)            Temple (1/1) D:4            Lair (4/5) D:11
  Swamp (0/4) Lair:3       Spider (0/4) Lair:2          Orc (0/2) D:10
  Slime: Lair:4-5

Altars:
Ashenzari
Cheibriados
Dithmenos
Elyvilon
Fedhas
Gozag
Hepliaklqana
Kikubaaqudgha
Makhleb
Nemelex Xobeh
Okawaru
Qazlal
Ru
Sif Muna
Trog
Uskayaw
Vehumet
Wu Jian
Xom
Yredelemnul
Zin
The Shining One

Shops:
D:7 *


Message History

You kill the dream sheep!
Makhleb accepts your kill.
The komodo dragon bites you but does no damage.
You hit the komodo dragon.
The komodo dragon seems to slow down.
You freeze the komodo dragon.
The komodo dragon is heavily wounded.
You closely miss the dream sheep. You hit the komodo dragon.
The komodo dragon seems to slow down.
You freeze the komodo dragon.
The komodo dragon is heavily wounded.
You hit the dream sheep. You freeze the dream sheep.
You block the komodo dragon's attack.
You hit the komodo dragon.
The komodo dragon seems to slow down.
You freeze the komodo dragon.
The komodo dragon is heavily wounded.
You slash the dream sheep! You freeze the dream sheep. You hit the dream sheep.
You freeze the dream sheep. You block the dream sheep's attack.
The dream sheep closely misses you.
You slash the komodo dragon! You freeze the komodo dragon.
The komodo dragon is severely wounded.
You hit the dream sheep but do no damage.
You hit the dream sheep. You freeze the dream sheep.
You block the komodo dragon's attack. The dream sheep bites you.
* * * LOW HITPOINT WARNING * * *
You block the dream sheep's attack.
You hit the komodo dragon but do no damage.
The komodo dragon is severely wounded.
You closely miss the dream sheep. x2
You hit the komodo dragon. You freeze the komodo dragon.
The komodo dragon is almost dead.
You hit the dream sheep. You freeze the dream sheep. You hit the dream sheep.
You freeze the dream sheep.
You kill the dream sheep!
Makhleb accepts your kill.
You feel better.
The dream sheep shake their wool and sparkle.
You feel drowsy...
You fall asleep.
The komodo dragon bites you!!!
Ouch! That really hurt!
You die...

#... ##............ #...
#.Y...........
##)!.#######Y.l.........
#........#.P............
........................
##.....#......PP......
###.Y##.#.....PP....<
#Yl##.....##.......
#.@###P...#.###....
#...##P..†.## .. >.#
#...#.##....# .. ... P
#P....##....# #.. ..# ..
..[..........###... ... ...
..............##.#P.
..###...###.P.#..#.###........
......... ######..###.........
.†..P...# #...# #.........


You could see a komodo dragon (slow) and 2 dream sheep.

Vanquished Creatures
  Josephine (D:10)
  4 boulder beetles
  A catoblepas (Lair:3)
  Pikel (D:8)
  A wolf spider (Lair:2)
  2 cyclopes (D:11)
  Maurice (D:8)
  2 manticores
  8 cane toads
  2 rime drakes
  An unseen horror (D:11)
  3 komodo dragons
  A troll (D:9)
  A polar bear (Lair:2)
  9 blink frogs
  3 dream sheep (Lair:4)
  Sigmund (D:4)
  A shadow (D:9)
  A vampire (D:11)
  A wyvern (Lair:2)
  30 yaks
  5 wraiths
  A basilisk (D:11)
  3 steam dragons
  13 water moccasins
  4 orc warriors
  2 ice beasts
  2 sky beasts
  3 ogres (D:4)
  11 wolves
  2 centaurs
  A phantom (D:7)
  4 lemures (D:8)
  2 kobold brigands
  9 bullfrogs
  2 necrophages
  A scorpion (D:6)
  5 wights (D:9)
  4 electric eels
  4 crimson imps (D:8)
  2 hounds
  4 orc priests
  A gnoll bouda (D:8)
  Terence (D:2)
  Crazy Yiuf (D:2)
  Jessica (D:2)
  Ijyb (D:5)
  5 iguanas
  9 orc wizards
  7 hell rats (Lair:1)
  8 gnolls
  6 adders
  A shadow imp (D:8)
  A white imp (D:6)
  2 worms
  A dart slug (D:2)
  49 orcs
  6 ball pythons
  3 endoplasms
  9 goblins
  4 hobgoblins
  4 jackals (D:1)
  10 kobolds
  7 quokkas
  6 bats
  2 frilled lizards
  6 rats
310 creatures vanquished.

Vanquished Creatures (others)
  15 fungi
  15 plants
30 creatures vanquished.

Grand Total: 340 creatures vanquished

Notes
Turn   | Place    | Note
-------+----------+-------------------------------------------
     0 | D:1      | Lremus the Hill Orc Fighter began the quest for the Orb.
     0 | D:1      | Reached XP level 1. HP: 19/19 MP: 1/1
   242 | D:1      | Reached skill level 3 in Axes
   271 | D:1      | Reached XP level 2. HP: 25/26 MP: 2/2
   338 | D:1      | Reached skill level 4 in Axes
   416 | D:1      | Reached XP level 3. HP: 20/31 MP: 3/3
  1084 | D:2      | Found a faded altar of an unknown god.
  1094 | D:2      | Reached skill level 5 in Axes
  1432 | D:2      | Reached XP level 4. HP: 36/39 MP: 4/4
  1629 | D:2      | Noticed Terence
  1641 | D:2      | Killed Terence
  1642 | D:2      | Reached skill level 6 in Axes
  1756 | D:2      | Noticed Jessica
  1763 | D:2      | Killed Jessica
  1764 | D:2      | Reached XP level 5. HP: 39/45 MP: 5/5
  2073 | D:2      | Found a runed translucent door.
  2074 | D:2      | Noticed Crazy Yiuf
  2368 | D:2      | Killed Crazy Yiuf
  2369 | D:2      | Reached skill level 7 in Axes
  2686 | D:3      | Found an opulent altar of Gozag.
  2725 | D:3      | Found a glowing silver altar of Zin.
  2943 | D:3      | Found a snail-covered altar of Cheibriados.
  2943 | D:3      | Found a sparkling altar of Nemelex Xobeh.
  3214 | D:4      | Found a shimmering blue altar of Sif Muna.
  3245 | D:4      | Found a staircase to the Ecumenical Temple.
  3254 | Temple   | Entered the Ecumenical Temple
  3427 | D:4      | Found a broken altar of Ashenzari.
  3459 | D:4      | Noticed an ogre
  3469 | D:4      | Noticed an ogre
  3476 | D:4      | Killed an ogre
  3477 | D:4      | Reached skill level 8 in Axes
  3477 | D:4      | Reached XP level 6. HP: 12/51 MP: 6/6
  3786 | D:4      | Noticed Sigmund
  3809 | D:4      | Reached skill level 9 in Axes
  4123 | D:4      | Reached XP level 7. HP: 45/57 MP: 7/7
  4259 | D:4      | Reached skill level 10 in Axes
  4771 | D:4      | Found an iron altar of Okawaru.
  4779 | D:4      | Reached skill level 11 in Axes
  5374 | D:4      | Killed Sigmund
  5375 | D:4      | Reached XP level 8. HP: 64/64 MP: 8/8
  5402 | D:5      | Entered Level 5 of the Dungeon
  5452 | D:5      | Found a burning altar of Makhleb.
  5458 | D:5      | Became a worshipper of Makhleb the Destroyer
  5624 | D:5      | Noticed Ijyb
  5635 | D:5      | Killed Ijyb
  5636 | D:5      | Reached skill level 12 in Axes
  6348 | D:6      | Reached skill level 13 in Axes
  6784 | D:6      | Found a white marble altar of Elyvilon.
  7106 | D:7      | Reached skill level 14 in Axes
  7153 | D:7      | Reached XP level 9. HP: 61/70 MP: 9/9
  7160 | D:7      | Reached skill level 15 in Axes
  7436 | D:7      | Found Jeejuwk's Assorted Antiques.
  7484 | D:7      | Found a shadowy altar of Dithmenos.
  7488 | D:7      | Found a hazy altar of Hepliaklqana.
  8277 | D:8      | Reached * piety under Makhleb
  8349 | D:8      | Reached skill level 16 in Axes
  8420 | D:8      | Found a blossoming altar of Fedhas.
  8446 | D:8      | Noticed Pikel
  8474 | D:8      | Killed Pikel
  9251 | D:8      | Reached skill level 5 in Fighting
  9366 | D:8      | Noticed Maurice
  9377 | D:8      | Killed Maurice
  9378 | D:8      | Reached skill level 5 in Armour
  9378 | D:8      | Reached skill level 5 in Shields
  9378 | D:8      | Reached XP level 10. HP: 83/83 MP: 10/10
  9399 | D:8      | Found a shimmering altar of Xom.
  9582 | D:7      | Bought a pair of warped gloves for 190 gold pieces
  9582 | D:7      | Identified the +2 pair of gloves of the Guilds {*Corrode
                  | rN+++ Dex+4} (You bought it in a shop on level 7 of the
                  | Dungeon)
  9658 | D:9      | Noticed a manticore
  9670 | D:9      | Killed a manticore
 10790 | D:10     | Entered Level 10 of the Dungeon
 11181 | D:10     | Reached ** piety under Makhleb
 11211 | D:10     | Found a staircase to the Orcish Mines.
 11297 | D:10     | Found an ancient bone altar of Kikubaaqudgha.
 11443 | D:11     | Noticed Josephine
 11494 | D:10     | Killed Josephine
 11592 | D:11     | Reached XP level 11. HP: 94/94 MP: 10/12
 11628 | D:11     | Reached skill level 5 in Invocations
 11673 | D:11     | Noticed a manticore
 11674 | D:11     | Noticed a cyclops
 11694 | D:11     | Killed a manticore
 11697 | D:11     | Killed a cyclops
 11803 | D:11     | Reached *** piety under Makhleb
 12065 | D:11     | Noticed a cyclops
 12085 | D:11     | Killed a cyclops
 12155 | D:11     | Found a staircase to the Lair.
 12716 | Lair:1   | Entered Level 1 of the Lair of Beasts
 12780 | Lair:1   | Noticed a boulder beetle
 12821 | Lair:1   | Killed a boulder beetle
 13109 | Lair:1   | Reached **** piety under Makhleb
 13410 | Lair:1   | Reached XP level 12. HP: 103/106 MP: 18/18
 14244 | Lair:2   | Reached skill level 10 in Fighting
 14448 | Lair:2   | Found a hole to the Spider Nest.
 14864 | Lair:2   | Noticed a boulder beetle
 14881 | Lair:2   | Killed a boulder beetle
 15190 | Lair:2   | Identified the +1 leather armour of the Equator {rElec
                  | rPois rF+ Str+4}
 15662 | Lair:3   | Found a staircase to the Swamp.
 15831 | Lair:3   | Reached skill level 10 in Armour
 15831 | Lair:3   | Reached skill level 10 in Shields
 16129 | Lair:3   | Noticed a boulder beetle
 16144 | Lair:3   | Killed a boulder beetle
 16208 | Lair:3   | Reached skill level 1 in Evocations
 16468 | Lair:3   | Noticed a catoblepas
 16484 | Lair:3   | Killed a catoblepas
 16677 | Lair:3   | Reached skill level 10 in Invocations
 16957 | Lair:4   | Reached XP level 13. HP: 113/116 MP: 20/20
 17163 | Lair:4   | Annihilated by a komodo dragon

Illustrated notes

Levels and vault maps discovered:
D:1:      dpeg_chamrin_arrival_tetris, layout_loops_ring, minivault_19
D:2:      kennysheep_the_goblin_king, layout_loops_corners,
          nicolae_ecumenical_snake_handling, nrook_campfire, uniq_jessica,
          uniq_crazy_yiuf_cottage, uniq_terence
D:3:      layout_basic, nicolae_overflow_two_pavilions,
          pdpol_temple_overflow_zin_treasury_gozag_greed
D:4:      layout_basic, nicolae_ashenzari_skybound, okawaru_ov_weapons_minmay,
          mainiacjoe_overflow_paths, minmay_temple_entry_antechambers,
          guppyfry_early_orc_mine, uniq_sigmund
D:5:      layout_gridville, nicolae_overflow_crystal_walls, uniq_ijyb
D:6:      layout_cave_pools, mainiacjoe_overflow_surrounded_room
D:7:      wander_river, layout_basic, riverfiend_overflow_shadow_ancestor,
          serial_shops, nicolae_take_the_stairs
D:8:      layout_basic, led_xom_imps, mainiacjoe_overflow_brackets,
          uniq_maurice, uniq_pikel
D:9:      layout_basic, minivault_1
D:10:     layout_small_grid, mainiacjoe_overflow_small_starburst,
          hiddenorc1_lemuel
D:11:     layout_basic, lair_entry_dummy, uniq_josephine
Temple:   hellmonk_temple_flake
Lair:1:   layout_concentric_octagons, nicolae_quartered_pool_super
Lair:2:   layout_roguey, spider_nest_entry_rubble, serial_forest,
          infiniplex_forest_straight_5, infiniplex_forest_straight_3,
          infiniplex_forest_zigzag_1, infiniplex_forest_clump_small,
          infiniplex_forest_straight_4, infiniplex_forest_clump_small,
          grunt_megastairs_4, infiniplex_staircase_pool
Lair:3:   layout_gridlike, swamp_mist_pool
Lair:4:   layout_small_grid

Skill      XL: |  1  2  3  4  5  6  7  8  9 10 11 12 13 |
---------------+----------------------------------------+-----
Axes           | 3 4 5 6 8 9 11 14 16 | 16.0
Fighting       | 5 8 9 11 | 11.1
Armour         | 5 7 8 10 | 10.2
Shields        | 5 7 8 10 | 10.3
Invocations    | 2 8 10 12 | 12.2
Evocations     | 3 |  3.2

Action                   |  1- 3 |  4- 6 |  7- 9 | 10-12 | 13-15 || total
-------------------------+-------+-------+-------+-------+-------++-------
Melee: War axe           |    84 |   103 |   326 |   578 |    54 ||  1145
 Fire: Sling             |       |     1 |       |       |       ||     1
Throw: Boomerang         |       |       |     5 |     1 |       ||     6
Invok: Minor Destruction |       |       |       |    77 |    11 ||    88
       Major Destruction |       |       |       |     4 |       ||     4
  Use: Scroll            |       |       |     8 |    19 |       ||    27
       Potion            |       |       |     1 |     1 |       ||     2
Armor: Scale mail        |    32 |    44 |     3 |       |       ||    79
       Chain mail        |       |       |    27 |       |       ||    27
       Plate armour      |       |       |   105 |   214 |    10 ||   329
Dodge: Dodged            |    36 |    32 |    61 |    93 |     3 ||   225
Block: Buckler           |    14 |    24 |    94 |   213 |    16 ||   361
       Reflection        |       |       |     3 |     2 |       ||     5
